 Dungeon Crawl Stone Soup version 0.23.2-1-ga50397a (webtiles) character file.

Game seed: 3388433987310244541

3563 MajorAdolf the Cleaver (level 10, 0/94 HPs)
             Began as a Naga Wanderer on Apr 25, 2019.
             Was a Priest of Ru.
             Slain by a troll (2 damage)
             ... on level 8 of the Dungeon.
             The game lasted 00:35:19 (11768 turns).

MajorAdolf the Cleaver (Naga Wanderer)             Turns: 11768, Time: 00:35:20

Health: 0/94       AC: 16    Str: 21    XL:     10   Next: 9%
Magic:  10/10      EV: 11    Int: 15    God:    Ru [***...]
Gold:   205        SH:  0    Dex: 15    Spells: 9/9 levels left

rFire    . . .     SeeInvis +   i - +3 battleaxe
rCold    . . .     Gourm    .   (shield currently unavailable)
rNeg     . . .     Faith    .   v - +0 chain mail
rPois    +         Spirit   .   (no helmet)
rElec    .         Reflect  .   n - +1 cloak
rCorr    .         Harm     .   D - +0 pair of gloves
MR       ++...                  (no barding)
Stlth    ..........             (no amulet)
HPRegen  0.25/turn              B - +3 ring of protection
MPRegen  0.12/turn              p - ring of protection from magic

@: mighty, agile, very slow
A: large, see invisible, deformed body, poison resistance, slowness 2, slow
metabolism 1, spit poison 1, inability to use devices, no charms magic, no earth
magic, no transmutations magic, AC +3
a: Spit Poison, Draw Out Power, Renounce Religion


You were on level 8 of the Dungeon.
You worshipped Ru.
Ru was most pleased with you.
You were not hungry.

You visited 2 branches of the dungeon, and saw 9 of its levels.

You collected 410 gold pieces.
You spent 205 gold pieces at shops.

Inventory:

Hand Weapons
 a - a +2 hand crossbow
 c - a +0 shortbow
 e - a +0 hand axe
 i - a +3 battleaxe (weapon)
 r - a +0 war axe
Missiles
 b - 64 bolts
 d - 117 arrows
 u - 2 throwing nets (quivered)
Armour
 n - a +1 cloak (worn)
 v - a +0 chain mail (worn)
 D - a +0 pair of gloves (worn)
 F - a cursed +0 plate armour
Jewellery
 f - an uncursed amulet of the gourmand {unknown}
 h - an uncursed amulet of rage {unknown}
 m - an uncursed amulet of faith
 p - a ring of protection from magic (right hand)
 A - a +2 ring of protection
 B - a +3 ring of protection (left hand)
Scrolls
 k - a scroll of teleportation
 q - 5 scrolls of identify
 t - 2 scrolls of remove curse
 y - a scroll of amnesia {unknown}
 C - a scroll of enchant armour
Potions
 j - 3 potions of brilliance
 s - a potion of might
 z - a potion of degeneration
Comestibles
 g - 14 rations
 l - 3 chunks of flesh


   Skills:
 + Level 7.5 Fighting
 + Level 8.4 Axes
 - Level 1.0 Crossbows
 * Level 8.1 Armour
   Level 1.5 Shields


You had 9 spell levels left.
You didn't know any spells.
Your spell library was empty.

Dungeon Overview and Level Annotations

Branches:
Dungeon (8/15)             Temple (1/1) D:6
   Lair: D:8-11

Altars:
Ashenzari
Cheibriados
Dithmenos
Elyvilon
Gozag
Hepliaklqana
Kikubaaqudgha
Makhleb
Nemelex Xobeh
Okawaru
Qazlal
Ru
Sif Muna
Trog
Uskayaw
Vehumet
Wu Jian
Xom
Yredelemnul
Zin
The Shining One

Shops:
D:6 =*(


Innate Abilities, Weirdness & Mutations

You cannot wear boots.
Your serpentine skin is tough. (AC +3)
You have supernaturally acute eyesight. (SInv)
Armour fits poorly on your strangely shaped body.
Your system is resistant to poisons. (rPois)
You cover ground very slowly.
You have a slow metabolism.
You can spit poison.
You cannot study or use magical devices.
You cannot study or cast Charms magic.
You cannot study or cast Earth magic.
You cannot study or cast Transmutations magic.


Message History

The troll is heavily wounded.
The troll bites you.
* * * LOW HITPOINT WARNING * * *
The troll barely misses you. The troll claws you but does no damage.
The troll closely misses you. x2; The troll claws you.
* * * LOW HITPOINT WARNING * * *
You slash the troll!
The troll is almost dead.
The troll barely misses you. The troll claws you but does no damage.
The troll claws you.
* * * LOW HITPOINT WARNING * * *
Unknown command.
Your chain mail prevents you from hitting the troll.
The troll is severely wounded.
The troll bites you but does no damage. The troll claws you but does no damage.
The troll barely misses you.
You barely miss the troll.
The troll is severely wounded.
The troll barely misses you. The troll claws you.
You die...

##.## #.#. #..# #[#. .
##.# #.#. h≈
##########.###.#. ≈≈≈
#.......##..##÷#. h≈≈≈
#.......###.##... ≈≈≈≈≈
#.......###..#+#.
≈≈≈≈≈.###................
≈h≈≈.hlT@................
≈.≈≈..h########.........#
≈≈..≈)$ #.........#
≈≈≈...( #.......>.#
≈≈.≈≈.. #.........#
≈≈..... ###########
≈...... .......


You could see a troll, 2 wolves, an iguana and a hound.

Vanquished Creatures
  Prince Ribbit (D:6)
  A hippogriff (D:8)
  A wyvern (D:8)
  A hungry ghost (D:7)
  Edmund (D:6)
  3 orc warriors
  4 ice beasts
  A black bear (D:7)
  2 ogres
  A centaur (D:5)
  A big kobold (D:4)
  2 bullfrogs
  A scorpion (D:5)
  3 wights (D:8)
  4 electric eels (D:7)
  A howler monkey (D:5)
  A centaur skeleton (D:5)
  7 hounds
  3 bullfrog skeletons
  6 orc priests
  Crazy Yiuf (D:7)
  3 jellies
  3 iguanas
  4 orc wizards
  5 worker ants
  2 worker ant zombies
  10 adders
  A shadow imp (D:8)
  2 oozes
  An adder zombie (D:7)
  2 worms (D:2)
  11 dart slugs (D:7)
  4 leopard geckos
  20 orcs
  4 giant cockroaches
  5 goblins
  6 hobgoblins
  12 jackals
  7 kobolds
  A quokka (D:2)
  7 bats
  4 frilled lizards
  A jackal skeleton (D:4)
  A quokka skeleton (D:7)
  10 rats
172 creatures vanquished.

Vanquished Creatures (others)
  A bullfrog (D:7)
  A dart slug (D:7)
  A plant (D:4)
3 creatures vanquished.

Grand Total: 175 creatures vanquished

Notes
Turn   | Place    | Note
-------+----------+-------------------------------------------
     0 | D:1      | MajorAdolf the Naga Wanderer began the quest for the Orb.
     0 | D:1      | MajorAdolf set off with the following items: a +2 hand
                  | crossbow, 24 bolts, a +0 shortbow, 23 arrows, a +0 hand
                  | axe, a +0 robe, a ration
     0 | D:1      | Reached XP level 1. HP: 18/18 MP: 1/1
   455 | D:1      | Reached XP level 2. HP: 15/25 MP: 2/2
  1054 | D:2      | HP: 1/25 [adder (5)]
  1056 | D:2      | Reached XP level 3. HP: 10/32 MP: 3/3
  1477 | D:2      | Found a stormy altar of Qazlal.
  1665 | D:2      | Found a sacrificial altar of Ru.
  1687 | D:2      | Became a worshipper of Ru the Awakened
  2059 | D:3      | Reached XP level 4. HP: 33/39 MP: 4/4
  2185 | D:3      | Found a deep blue altar of Sif Muna.
  2186 | D:3      | Found a glowing silver altar of Zin.
  2186 | D:3      | Found a bloodstained altar of Trog.
  2187 | D:3      | Found a hazy altar of Hepliaklqana.
  3310 | D:4      | Reached XP level 5. HP: 46/49 MP: 5/5
  3354 | D:4      | Gained mutation: You cannot study or cast Earth magic. [Ru
                  | sacrifice]
  3354 | D:4      | Gained mutation: You cannot study or cast Transmutations
                  | magic. [Ru sacrifice]
  3354 | D:4      | Gained mutation: You cannot study or cast Charms magic. [Ru
                  | sacrifice]
  3354 | D:4      | Reached * piety under Ru
  3618 | D:4      | Noticed an ogre
  3626 | D:4      | Killed an ogre
  3626 | D:4      | Reached skill level 5 in Axes
  3626 | D:4      | Reached XP level 6. HP: 56/56 MP: 6/6
  3933 | D:4      | Found a basalt altar of Yredelemnul.
  4317 | D:5      | Entered Level 5 of the Dungeon
  4389 | D:5      | Reached XP level 7. HP: 59/64 MP: 7/7
  5364 | D:5      | Reached skill level 5 in Fighting
  5364 | D:5      | Reached XP level 8. HP: 74/74 MP: 8/8
  6094 | D:5      | Reached skill level 5 in Armour
  6207 | D:6      | Found Ythenukk's Jewellery Boutique.
  6212 | D:6      | Bought a +2 ring of protection for 130 gold pieces
  6239 | D:6      | Noticed Prince Ribbit
  6676 | D:6      | Found a white marble altar of Elyvilon.
  6932 | D:6      | Noticed Edmund
  6956 | D:6      | Killed Edmund
  7007 | D:6      | Found an ornate altar of the Wu Jian Council.
  7027 | D:6      | Found a staircase to the Ecumenical Temple.
  7042 | Temple   | Entered the Ecumenical Temple
  7204 | D:6      | Killed Prince Ribbit
  7252 | D:6      | Found Ixuodira's Weapon Shop.
  7363 | D:6      | Found Ibiys's Assorted Antiques.
  7370 | D:6      | Bought a scroll labeled ABUCYZ KOULUA for 25 gold pieces
  7370 | D:6      | Bought a ring of protection for 50 gold pieces
  7632 | D:6      | Reached XP level 9. HP: 15/82 MP: 9/9
  8644 | D:7      | Gained mutation: You cannot study or use magical devices.
                  | [Ru sacrifice]
  8644 | D:7      | Reached ** piety under Ru
  8644 | D:7      | Reached *** piety under Ru
  9361 | D:7      | Found a runed translucent door.
  9362 | D:7      | Noticed Crazy Yiuf
 10776 | D:7      | Killed Crazy Yiuf
 11680 | D:8      | Reached XP level 10. HP: 87/94 MP: 10/10
 11766 | D:8      | HP: 2/94 [troll (5)]
 11768 | D:8      | Slain by a troll

Skill      XL: |  1  2  3  4  5  6  7  8  9 10 |
---------------+-------------------------------+-----
Axes           | 4 5 6 7 8 |  8.4
Fighting       | 2 3 4 5 6 7 |  7.5
Armour         | 3 4 6 7 8 |  8.1
Crossbows      | |  1.0
Shields        | |  1.5

Action                   |  1- 3 |  4- 6 |  7- 9 | 10-12 || total
-------------------------+-------+-------+-------+-------++-------
Melee: Hand axe          |    71 |   138 |   476 |       ||   685
       Battleaxe         |       |       |    53 |    30 ||    83
 Fire: Hand crossbow     |    15 |     5 |    62 |       ||    82
Invok: Sacrifice Arcana  |       |     1 |       |       ||     1
       Draw Out Power    |       |       |     1 |       ||     1
       Sacrifice Artific |       |       |     1 |       ||     1
 Abil: Spit Poison       |    23 |    41 |    54 |       ||   118
  Use: Potion            |     1 |       |     8 |     2 ||    11
       Scroll            |       |     8 |     9 |       ||    17
 Stab: Invisible         |       |       |     2 |       ||     2
  Eat: Chunk             |     3 |     9 |    19 |       ||    31
       Ration            |       |       |     4 |       ||     4
Armor: Robe              |    26 |     8 |       |       ||    34
       Leather armour    |       |    44 |    15 |       ||    59
       Scale mail        |       |     1 |       |       ||     1
       Skin              |       |       |    28 |       ||    28
       Chain mail        |       |       |   340 |    23 ||   363
Dodge: Dodged            |    49 |    57 |   144 |    20 ||   270
